 Dungeon Crawl Stone Soup version 0.31-a0-455-g1a7b003ef0 (webtiles) character file.

Game seed: 12967999929688920197

1185 ytrimaz the Changeling (level 8, -1/46 (54) HPs)
             Began as a Demonspawn Shapeshifter on Aug 3, 2023.
             Slain by a wight
             ... wielding a +3 long sword
              (4 damage)
             ... on level 5 of the Dungeon.
             The game lasted 00:07:15 (4633 turns).

ytrimaz the Changeling (Demonspawn Shapeshifter)    Turns: 4633, Time: 00:07:16

HP:   -1/46 (54)    AC: 10    Str: 19    XL:     8   Next: 19%
MP:   8/8           EV: 12    Int:  9    God:
Gold: 253           SH:  0    Dex: 13    Spells: 5/7 levels left

rFire   . .          .
                       - Unarmed
rCold   + . .        (no shield)
rNeg    . . .        a - +0 animal skin
rPois   .            (helmet currently unavailable)
rElec   .            (cloak currently unavailable)
rCorr   .            (gloves currently unavailable)
SInv    .            (boots currently unavailable)
Will    .....        (no amulet)
Stlth   +            n - +4 ring of protection
HPRegen 0.27/turn    (no ring)
MPRegen 0.11/turn

%: no passive effects
@: beast-form, heavily drained
A: beast (slay +4), horns 1, icy blue scales 3, powered by death 1
a: Begin Untransformation


You were on level 5 of the Dungeon.
You were a hulking beast.
You visited 1 branch of the dungeon, and saw 6 of its levels.

You collected 253 gold pieces.


Innate Abilities, Weirdness & Mutations

You are a hulking beast.
Your limbs bulge with bestial killing power. (Slay +4)
You have a pair of small horns on your head.
You are completely covered in icy blue scales. (AC +4, rC+)
You regenerate a little health from kills.


   Skills:
 - Level 1.0 Fighting
 - Level 1.8 Dodging
 - Level 4.9 Unarmed Combat
 + Level 2.7 Transmutations
 * Level 6.7 Shapeshifting


You had 5 spell levels left.
You knew the following spells:

 Your Spells              Type           Power      Damage    Failure   Level
a - Wereblood             Tmut           5%         N/A       21%         2

Your spell library contained the following spells:

 Spells                   Type           Power      Damage    Failure   Level
 Cigotuvi's Dreadful Rot  Necr/Pois/Air  0%         N/A       52%         2
 Static Discharge         Conj/Air       0%         2-2/arc   52%         2
 Sublimation of Blood     Necr           0%         N/A       52%         2
 Airstrike                Air            0%         2d(0-16)  99%         4
 Dispel Undead            Necr           0%         3d6       99%         4
 Summon Lightning Spire   Summ/Air       0%         N/A       99%         4
 Summon Forest            Summ/Tloc      0%         N/A       100%        5
 Death Channel            Necr           0%         N/A       100%        6
 Eringya's Noxious Bog    Tmut/Pois      1%         4d6       100%        6
 Summon Hydra             Summ           0%         N/A       100%        7

Inventory:

Missiles
 p - 2 throwing nets
Armour
 a - a +0 animal skin (worn)
Jewellery
 h - a ring of wizardry
   (You found it on level 2 of the Dungeon)
 n - a +4 ring of protection (left hand)
   (You found it on level 4 of the Dungeon)
Talismans
 c - a beast talisman (active)
Wands
 q - a wand of flame (10)
   (You found it on level 5 of the Dungeon)
Scrolls
 b - 3 scrolls of teleportation
 i - a scroll of noise {unknown}
 k - a scroll of torment
 r - a scroll of enchant armour {unknown}
Potions
 e - 2 potions of brilliance
 f - 2 potions of curing
 g - a potion of enlightenment {unknown}
 j - 2 potions of attraction
 l - 2 potions of heal wounds
 m - 2 potions of lignification
 o - 2 potions of ambrosia {unknown}

Dungeon Overview and Level Annotations

Branches:
Dungeon (6/15) Zot: 26821
 Temple: D:4-7

Altars:
Fedhas
Hepliaklqana
Trog
Uskayaw
Vehumet

Annotations:
D:4 2 runed translucent doors, HallandMoats's ghost, amateur DsFi

#.....##.##......####.# #......
#.######..#........#..#####.(....
#.# ##.##.....................
#.# #.##........############# ..#
#..#........####### #.... ###
##..#####...#.....# #.###
####..####...#.....# #.#
########......##z.........# #.#
#.............>zh.........# #.#
#............#[##.........# #.#
#......[######.##......#### #.###
#.......# #.....##########....
#...<...##########............###
#...............#############.###
#.......#######.# #.... ...#.#'##
#.################# .....#.#
#.#...............#


You could see 2 wights.


Message History

MASSIVE DAMAGE!! (PAUSE)
The wight attacks as you move away!
The wight hits you with a +3 long sword of freezing.
* * * LOW HITPOINT WARNING * * *
😨 HP[-1]
You take 1 damage, and now have 19/48 hp.
Unknown command.
The wight barely misses you. 😨 HP[+1]
The wight attacks as you move away!
The wight hits you with a +3 long sword of freezing.
* * * LOW HITPOINT WARNING * * *
The wight freezes you.
* * * LOW HITPOINT WARNING * * *
There is a stone staircase leading up here. 😨 HP[-7]
You take 7 damage, and now have 13/48 hp.
Unknown command.
The wight barely misses you.
You climb upwards.
There is a stone staircase leading down here. 😨 HP[+1] Unknown command.
Unknown command.
The wight attacks as you move away! The wight barely misses you. x2
You hit the wight. The wight misses you.
You barely miss the wight. You headbutt the wight!
The wight hits you but does no damage. 😨 HP[+1]
You punch the wight!
You destroy the wight! 😨 HP[+1]
You now have 50 max hp (+2).
You barely miss the wight.
The wight hits you with a +3 long sword of freezing.
* * * LOW HITPOINT WARNING * * *
😨 HP[-2]
You take 2 damage, and now have 14/50 hp.
Unknown command.
You hit the wight but do no damage.
You headbutt the wight, but do no damage.
The wight barely misses you.
You hit the wight. You headbutt the wight.
The wight hits you with a +3 long sword of freezing.
* * * LOW HITPOINT WARNING * * *
😱 HP[-4]
You take 4 damage, and now have 10/50 hp.
Unknown command.
You hit the wight.
You headbutt the wight, but do no damage.
The wight hits you but does no damage.
You hit the wight but do no damage. The wight barely misses you.
You hit the wight. The wight barely misses you.
Unknown command.
You punch the wight!
You destroy the wight! 😱 HP[+1]
You now have 52 max hp (+2).
Items here: )) [[. 😱 HP[+2]
You regained 2 hp, and now have 13/52 hp.
Key pressed, stopping explore.
Done exploring. 😎 HP[+39]
Your hp is fully restored (52).
There is a stone staircase leading down here.
You climb downwards.
The wight hits you but does no damage. The wight barely misses you.
The wight hits you with a +0 battleaxe!
You feel drained. The wight misses you.
There is a stone staircase leading up, spattered with blood here. 😮 HP[-19]
You now have 50 max hp (-2).
You take 19 damage, and now have 33/50 hp.
MASSIVE DAMAGE!! (PAUSE) Unknown command.
Unknown command.
The wight hits you with a +3 long sword.
You feel drained. The wight hits you with a +0 battleaxe!
* * * LOW HITPOINT WARNING * * *
You climb upwards.
There is a stone staircase leading down here. 😨 HP[-18]
You now have 48 max hp (-2).
You take 18 damage, and now have 15/48 hp.
MASSIVE DAMAGE!! (PAUSE) Unknown command.
Unknown command.
The wight closely misses you. 😨 HP[+1]
The wight attacks as you move away! The wight hits you but does no damage.
The wight attacks as you move away! The wight barely misses you.
Unknown command.
You punch the wight! You closely miss the wight.
The wight hits you with a +3 long sword!
* * * LOW HITPOINT WARNING * * *
You feel drained.
You die...

Skill      XL: |  1  2  3  4  5  6  7 |
---------------+----------------------+-----
Shapeshifting  | 3 4 5 6 |  6.7
Unarmed Combat | 3 4 |  4.9
Transmutations | 2 |  2.7
Fighting       | |  1.0
Dodging        | |  1.8

Action                     |  1- 3 |  4- 6 |  7- 9 || total
---------------------------+-------+-------+-------++-------
  Melee: Unarmed           |    95 |   108 |    77 ||   280
         Headbutt          |     5 |    21 |    22 ||    48
         Punch             |     1 |     3 |       ||     4
Ability: Begin Untransform |       |     1 |       ||     1
    Use: Potion            |       |     1 |       ||     1
         Scroll            |       |     8 |     2 ||    10
   Stab: Sleeping          |     1 |     1 |       ||     2
 Armour: Animal skin       |    37 |    26 |    25 ||    88
         Skin              |       |     4 |       ||     4
  Dodge: Dodged            |    79 |    52 |    46 ||   177
   Form: Beast             |       |     1 |       ||     1

Levels and vault maps discovered:
D:1:      amcnicky_arrival_gap_in_the_tavern_cellar, layout_basic
D:2:      layout_basic, basic_altar, shapermc_ecumenical_altar_gd, uniq_sigmund
D:3:      layout_rooms, overflow_temple_1_default
D:4:      layout_basic, ebering_ghost_sewer_f, nicolae_underground_beach
D:5:      layout_basic, chequers_temple_overflow_statue_of_worship,
          chequers_serial_rivers_small_b
D:6:      layout_cave_pools, minmay_temple_entry_wispy

Notes
Turn   | Place    | Note
-------+----------+-------------------------------------------
     0 | D:1      | ytrimaz the Demonspawn Shapeshifter began the quest for the
                  | Orb.
     0 | D:1      | Reached XP level 1. HP: 15/15 MP: 1/1
     0 | D:1      | magus.rc [v1.9.6]
   190 | D:1      | Gained mutation: You are partially covered in icy blue
                  | scales. (AC +2) [demonic ancestry]
   190 | D:1      | Reached XP level 2. HP: 19/21 MP: 2/2
   281 | D:1      | Reached skill level 3 in Shapeshifting
   352 | D:1      | Reached skill level 3 in Unarmed Combat
   404 | D:1      | You pick up a book of Storms and begin reading...
   404 | D:1      | You add the spells Static Discharge, Airstrike and Summon
                  | Lightning Spire to your library.
   927 | D:2      | Found a radiant altar of Vehumet.
   997 | D:2      | Gained mutation: You have a pair of small horns on your
                  | head. [demonic ancestry]
   997 | D:2      | Reached XP level 3. HP: 24/26 MP: 3/3
  1095 | D:2      | You pick up a book of Decay and begin reading...
  1095 | D:2      | You add the spells Cigotuvi's Dreadful Rot, Dispel Undead
                  | and Death Channel to your library.
  1162 | D:2      | Found a faded altar of an unknown god.
  1422 | D:2      | Gained mutation: You are mostly covered in icy blue scales.
                  | (AC +3) [demonic ancestry]
  1422 | D:2      | Reached XP level 4. HP: 31/32 MP: 4/4
  1469 | D:2      | Noticed Sigmund
  1482 | D:2      | Killed Sigmund
  1483 | D:2      | Reached skill level 4 in Unarmed Combat
  1483 | D:2      | Reached skill level 4 in Shapeshifting
  1483 | D:2      | Gained mutation: You regenerate a little health from kills.
                  | [demonic ancestry]
  1483 | D:2      | Reached XP level 5. HP: 26/37 MP: 5/5
  2058 | D:3      | Found a hide-covered altar of Uskayaw.
  2117 | D:3      | Reached XP level 6. HP: 43/43 MP: 6/6
  2542 | D:4      | Found a runed translucent door.
  2546 | D:4      | Noticed HallandMoats's ghost (amateur DsFi)
  2827 | D:4      | You pick up a book of Blood and begin reading...
  2827 | D:4      | You add the spells Sublimation of Blood, Wereblood and
                  | Summon Hydra to your library.
  2884 | D:4      | Learned a level 2 spell: Wereblood
  2901 | D:4      | Reached skill level 5 in Shapeshifting
  2954 | D:4      | You add the spells Summon Forest and Eringya's Noxious Bog
                  | to your library.
  3005 | D:4      | Found a runed translucent door.
  3358 | D:5      | Entered Level 5 of the Dungeon
  3365 | D:5      | Gained mutation: You are completely covered in icy blue
                  | scales. (AC +4, rC+) [demonic ancestry]
  3365 | D:5      | Reached XP level 7. HP: 24/48 MP: 7/7
  3686 | D:5      | Reached skill level 1 in Transmutations
  4043 | D:5      | HP: 12/48 [ogre/+0 giant club (19)]
  4045 | D:5      | Reached skill level 6 in Shapeshifting
  4230 | D:5      | Found a hazy altar of Hepliaklqana.
  4230 | D:5      | Found a blossoming altar of Fedhas.
  4231 | D:5      | Found a bloodstained altar of Trog.
  4250 | D:5      | Reached skill level 2 in Transmutations
  4461 | D:6      | Reached XP level 8. HP: 54/54 MP: 8/8
  4491 | D:5      | HP: 10/50 [wight/+3 long sword of freezing (5)]
  4633 | D:5      | HP: 3/48 [wight/+3 long sword (13)]
  4633 | D:5      | Slain by a wight

Vanquished Creatures
  Sigmund (D:2)
  An ice beast (D:5)
  An ogre (D:5)
  A centaur (D:6)
  2 phantoms (D:5)
  3 scorpions
  2 wights (D:5)
  A howler monkey (D:4)
  An orc priest (D:5)
  A sleepcap (D:4)
  2 iguanas
  4 gnolls (D:4)
  9 adders
  A shadow imp (D:5)
  An ufetubus (D:5)
  2 worms (D:2)
  A dart slug (D:3)
  3 orcs (D:5)
  6 ball pythons
  3 endoplasms
  4 giant cockroaches
  7 goblins
  A hobgoblin (D:1)
  4 jackals (D:5)
  8 kobolds
  4 quokkas
  7 bats
  5 frilled lizards
  5 rats
91 creatures vanquished.

Table legend:
 A = Non-vault XP
 B = Vault XP
 C = Vault XP percentage of total XP
 D = Non-vault monster count
 E = Vault monster count
 F = Vault count percentage of total count
                 A         B        C        D         E       F
            +---------+---------+-------+---------+---------+-------
      Total |    1463 |     231 |  13.6 |      90 |       1 |   1.1
            +---------+---------+-------+---------+---------+-------
        D:1 |      34 |       0 |   0.0 |      20 |       0 |   0.0
        D:2 |      68 |     231 |  77.3 |      18 |       1 |   5.3
        D:3 |      86 |       0 |   0.0 |      17 |       0 |   0.0
        D:4 |     276 |       0 |   0.0 |      14 |       0 |   0.0
        D:5 |     854 |       0 |   0.0 |      19 |       0 |   0.0
        D:6 |     145 |       0 |   0.0 |       2 |       0 |   0.0
            +---------+---------+-------+---------+---------+-------

Skill      XL: |  1  2  3  4  5  6  7 |
---------------+----------------------+-----
Shapeshifting  | 3 4 5 6 |  6.7
Unarmed Combat | 3 4 |  4.9
Transmutations | 2 |  2.7
Fighting       | |  1.0
Dodging        | |  1.8

Action                     |  1- 3 |  4- 6 |  7- 9 || total
---------------------------+-------+-------+-------++-------
  Melee: Unarmed           |    95 |   108 |    77 ||   280
         Headbutt          |     5 |    21 |    22 ||    48
         Punch             |     1 |     3 |       ||     4
Ability: Begin Untransform |       |     1 |       ||     1
    Use: Potion            |       |     1 |       ||     1
         Scroll            |       |     8 |     2 ||    10
   Stab: Sleeping          |     1 |     1 |       ||     2
 Armour: Animal skin       |    37 |    26 |    25 ||    88
         Skin              |       |     4 |       ||     4
  Dodge: Dodged            |    79 |    52 |    46 ||   177
   Form: Beast             |       |     1 |       ||     1

Illustrated notes

Table legend:
 A = Kills in this place as a percentage of kills in the entire game.
 B = Kills by you in this place as a percentage of kills by you in the entire game.
 C = Kills by friends in this place as a percentage of kills by friends in the entire game.
 D = Other kills in this place as a percentage of other kills in the entire game.
 E = Experience gained in this place as a percentage of experience gained in the entire game.
 F = Experience gained in this place divided by the number of levels of this place that you have seen.
                   A       B       C       D       E      F
               +-------+-------+-------+-------+-------+----------------------
         Total | 100.0 | 100.0 |   N/A |   N/A | 100.0 | 282.3
       Dungeon | 100.0 | 100.0 |   N/A |   N/A | 100.0 | 282.3
               +-------+-------+-------+-------+-------+----------------------

Table legend: (Time is in decaauts)
 A = Elapsed time spent in this place.
 B = Non-inter-level travel time spent in this place.
 C = Inter-level travel time spent in this place.
 D = Time resting spent in this place.
 E = Time spent auto-exploring this place.
 F = Levels seen in this place.
 G = Mean time per level.
                   A        B        C        D        E       F      G
               +--------+--------+--------+--------+--------+-----+--------+
         Total |   4615 |   4481 |    134 |    252 |   3464 |   6 |  769.2 |
       Dungeon |   4615 |   4481 |    134 |    252 |   3464 |   6 |  769.2 |
               +--------+--------+--------+--------+--------+-----+--------+

Top non-repeatable levels by time:
     D:5: 1240 daAuts
     D:1: 924 daAuts
     D:2: 909 daAuts
     D:4: 897 daAuts
     D:3: 613 daAuts
     D:6: 30 daAuts
